 Dungeon Crawl Stone Soup version 0.20-a0-1074-g6a0a8e1 (webtiles) character file.

2089 truemonolith the Basher (level 9, -5/63 HPs)
             Began as a Gnoll Gladiator on Apr 25, 2017.
             Was a Believer of Cheibriados.
             Slain by a hornet (12 damage)
             ... on level 7 of the Dungeon on Apr 29, 2017.
             The game lasted 00:15:59 (7363 turns).

truemonolith the Basher (Gnoll Gladiator)           Turns: 7363, Time: 00:16:01

Health: -5/63      AC: 15    Str: 19    XL:     9   Next: 27%
Magic:  9/9        EV: 15    Int: 14    God:    Cheibriados [**....]
Gold:   325        SH:  0    Dex: 27    Spells: 8/8 levels left

rFire    . . .     SeeInvis .   C - +3 flail (protect)
rCold    . . .     Gourm    .   (no shield)
rNeg     . . .     Faith    .   E - +0 chain mail (curse)
rPois    .         Spirit   .   c - +0 helmet
rElec    .         Reflect  .   (no cloak)
rCorr    .         Harm     .   K - +2 pair of gloves
MR       .....                  (no boots)
Stlth    ..........             (no amulet)
Regen    0.2/turn               J - +5 ring of dexterity
MPRegen  0.2/turn               q - +4 ring of evasion

@: lethally poisoned (-5 -> -17), slowed, very slow
A: short attention span, fangs 1, strong nose
a: Bend Time, Renounce Religion


You were on level 7 of the Dungeon.
You worshipped Cheibriados.
Cheibriados was pleased with you.
You were not hungry.

You visited 1 branch of the dungeon, and saw 7 of its levels.

You collected 325 gold pieces.

Inventory:

Hand Weapons
 C - a +3 flail of protection (weapon)
Missiles
 d - 4 throwing nets (quivered)
Armour
 c - a +0 helmet (worn)
 E - a cursed +0 chain mail (worn)
 K - a +2 pair of gloves (worn)
Jewellery
 b - an uncursed ring of protection from fire
 i - an uncursed ring of poison resistance
 j - an uncursed ring of see invisible
 n - an uncursed ring of resist corrosion
 q - a +4 ring of evasion (right hand)
 w - a +4 ring of dexterity
 J - a +5 ring of dexterity (left hand)
 O - an uncursed ring of positive energy {unknown}
Wands
 m - a wand of confusion (15/48)
 r - a wand of polymorph (2/24)
 v - a wand of polymorph (11/24)
 y - a wand of clouds (4/9)
 F - a wand of enslavement (17/24)
 M - a wand of disintegration (19/24)
Scrolls
 g - 4 scrolls of identify
 l - a scroll of enchant armour
 o - 3 scrolls of fog
 p - 4 scrolls of remove curse
 s - 3 scrolls of amnesia {unknown}
 B - a scroll of enchant weapon {unknown}
 I - a scroll of blinking {unknown}
 L - a scroll of random uselessness {unknown}
 N - 2 scrolls of holy word {unknown}
Potions
 a - a potion of degeneration {unknown}
 e - 2 potions of heal wounds {unknown}
 t - 2 potions of ambrosia {unknown}
 u - a potion of mutation {unknown}
 x - a potion of resistance {unknown}
 z - 3 potions of haste {unknown}
 A - a potion of agility {unknown}
 D - a potion of flight {unknown}
 G - a potion of invisibility {unknown}
Comestibles
 f - 2 bread rations
 h - 2 meat rations
 k - 4 royal jellies


   Skills:
 - Level 3.0 Fighting
 - Level 10.6 Maces & Flails
 - Level 3.0 Throwing
 + Level 8.5 Armour
 - Level 4.4 Dodging


You had 8 spell levels left.
You didn't know any spells.

Dungeon Overview and Level Annotations

Branches:
Dungeon (7/15)             Temple (0/1) D:6

Altars:
Cheibriados
Fedhas
Gozag
Nemelex Xobeh
Qazlal
Ru
Sif Muna
Trog
Wu Jian
Xom
Zin

Shops:
D:5 }

Annotations:
D:7 Dirtsage's ghost, novice GrFi


Innate Abilities, Weirdness & Mutations

You have a short attention span.
You have very sharp teeth.
Your uncanny sense of smell can sniff out nearby items.


Message History

You feel sick. The hornet closely misses you.
The hornet stings you but does no damage.
You barely miss the hornet.
The hornet is almost dead.
* * * LOW HITPOINT WARNING * * *
You feel sick. The hornet stings you.
* * * LOW HITPOINT WARNING * * *
You feel yourself slow down.
You barely miss the hornet. Your bite misses the hornet.
The hornet is almost dead.
* * * LOW HITPOINT WARNING * * *
You feel sick. The hornet barely misses you. x2
Your chain mail prevents you from hitting the hornet.
You bite the hornet, but do no damage.
The hornet is almost dead.
* * * LOW HITPOINT WARNING * * *
You feel sick.
The hornet stings you but does no damage.
The hornet stings you!
You die...

#...##..........##........#####
#..............................
##...#..........##...........##
#..............##........##...
..###......(............. #. .#
#........##.<#....... ##
##......###........... #
#........y............. #
........##@####.........###
##......##.# ######......
#......##.#### ......
#......##....#######......
#########..........#......
#..........##.....
#.................
#..........##.....
#..........##(....


You could see a hornet.

Vanquished Creatures
  Grinder (D:3)
  A hippogriff (D:6)
  Sigmund (D:3)
  Edmund (D:5)
  An ice beast (D:3)
  2 ogres (D:7)
  A phantom (D:7)
  Blork the orc (D:4)
  4 bullfrogs
  A hound (D:7)
  3 jellies
  4 orc priests
  An orc wizard (D:7)
  A centaur skeleton (D:7)
  Natasha (thrice) (D:3)
  3 worker ants
  Ijyb (D:4)
  Robin (D:6)
  8 gnolls
  5 adders
  9 oozes
  7 dart slugs
  6 leopard geckos
  6 orcs
  2 ball pythons (D:3)
  10 bats
  4 giant cockroaches
  17 goblins
  12 hobgoblins
  7 jackals
  15 kobolds
  4 quokkas
  3 frilled lizards
  A quokka skeleton (D:6)
  5 rats
  2 fungi (D:4)
  A plant (D:4)
155 creatures vanquished.

Vanquished Creatures (others)
  3 fungi (D:3)
  7 toadstools (D:3)
10 creatures vanquished.

Grand Total: 165 creatures vanquished

Notes
Turn   | Place    | Note
-------+----------+-------------------------------------------
     0 | D:1      | truemonolith the Gnoll Gladiator began the quest for the Orb.
     0 | D:1      | Reached XP level 1. HP: 18/18 MP: 1/1
   394 | D:1      | Reached skill level 5 in Maces & Flails
   540 | D:1      | Reached XP level 2. HP: 23/24 MP: 2/2
  1039 | D:1      | Reached skill level 6 in Maces & Flails
  1039 | D:1      | Reached XP level 3. HP: 27/29 MP: 3/3
  1770 | D:2      | Found a sparkling altar of Nemelex Xobeh.
  1852 | D:2      | Reached XP level 4. HP: 35/35 MP: 4/4
  2003 | D:2      | Reached skill level 7 in Maces & Flails
  2930 | D:3      | Reached XP level 5. HP: 38/41 MP: 5/5
  2954 | D:3      | Reached skill level 8 in Maces & Flails
  3420 | D:3      | Upgraded the game from 0.20-a0-1050-g57248f3 to 0.20-a0-1074-g6a0a8e1
  3708 | D:3      | Noticed Sigmund
  3723 | D:3      | Killed Sigmund
  3723 | D:3      | Reached skill level 9 in Maces & Flails
  3723 | D:3      | Reached XP level 6. HP: 28/47 MP: 6/6
  3807 | D:3      | Noticed Natasha
  3820 | D:3      | Killed Natasha
  3820 | D:3      | Reached XP level 7. HP: 33/52 MP: 7/7
  3834 | D:3      | Noticed Grinder
  3838 | D:3      | Paralysed by Grinder for 3 turns
  3847 | D:3      | Paralysed by Grinder for 6 turns
  3859 | D:3      | Killed Grinder
  4339 | D:3      | Noticed Natasha
  4345 | D:3      | Killed Natasha
  4355 | D:3      | Reached skill level 10 in Maces & Flails
  4518 | D:3      | Noticed Natasha
  4528 | D:3      | Killed Natasha
  4709 | D:4      | Noticed Ijyb
  4741 | D:4      | Killed Ijyb
  4975 | D:4      | Found a snail-covered altar of Cheibriados.
  4982 | D:4      | Became a worshipper of Cheibriados the Contemplative
  5090 | D:4      | Noticed Blork the orc
  5100 | D:4      | Killed Blork the orc
  5100 | D:4      | Reached XP level 8. HP: 36/58 MP: 8/8
  5115 | D:4      | Found a blossoming altar of Fedhas.
  5119 | D:4      | Found a stormy altar of Qazlal.
  5635 | D:5      | Entered Level 5 of the Dungeon
  5636 | D:5      | Found Apnan's Gadget Boutique.
  5639 | D:5      | Noticed Edmund
  5648 | D:5      | Killed Edmund
  5718 | D:5      | Reached * piety under Cheibriados
  5976 | D:5      | Found a glowing silver altar of Zin.
  6466 | D:6      | Found a sacrificial altar of Ru.
  6612 | D:6      | Noticed Robin
  6662 | D:6      | Killed Robin
  6673 | D:6      | Found a staircase to the Ecumenical Temple.
  6827 | D:7      | Noticed Dirtsage's ghost (novice GrFi)
  6830 | D:7      | Noticed a hippogriff
  6836 | D:7      | Noticed a hornet
  6842 | D:6      | Killed a hippogriff
  7089 | D:7      | Reached XP level 9. HP: 63/63 MP: 9/9
  7199 | D:7      | Reached ** piety under Cheibriados
  7230 | D:7      | Found an opulent altar of Gozag.
  7236 | D:7      | Found a deep blue altar of Sif Muna.
  7236 | D:7      | Found a shimmering altar of Xom.
  7236 | D:7      | Found an ornate altar of the Wu Jian Council.
  7238 | D:7      | Found a bloodstained altar of Trog.
  7357 | D:7      | Paralysed by a hornet for 3 turns
  7363 | D:7      | Slain by a hornet

Vault maps used:
D:1:      minmay_arrival_shattered_statue
D:2:      nicolae_overflow_hidden_temple, serial_curves, eino_curves_03,
          eino_curves_03, nemelex_spade_bored_becter
D:3:      cheibrodos_fertilizer, uniq_sigmund, uniq_grinder, uniq_natasha
D:4:      grunt_temple_overflow_forces_of_nature, kennysheep_mini, first_bread,
          uniq_robin, uniq_ijyb, uniq_blork_the_orc
D:5:      overflow_temple_1_default, serial_shops, shop, uniq_edmund
D:6:      temple_hall, hex_tiny, nicolae_ru_the_path_less_chosen
D:7:      minitemple

Skill      XL: |  1  2  3  4  5  6  7  8  9 |
---------------+----------------------------+-----
Maces & Flails | 5 6 7 9 10 | 10.6
Armour         | 6 8 |  8.5
Fighting       | |  3.0
Throwing       | |  3.0
Dodging        | |  4.4

Action                   |  1- 3 |  4- 6 |  7- 9 || total
-------------------------+-------+-------+-------++-------
Melee: Flail             |    96 |   162 |   280 ||   538
       Bite              |    16 |    15 |    42 ||    73
       Unarmed           |       |       |    11 ||    11
  Use: Scroll            |     4 |     2 |     2 ||     8
       Potion            |       |     3 |     2 ||     5
 Stab: Sleeping          |     1 |       |       ||     1
  Eat: Chunk             |     3 |       |     2 ||     5
       Bread ration      |       |     2 |     1 ||     3
Armor: Leather armour    |    32 |    71 |    36 ||   139
       Chain mail        |       |       |    69 ||    69
       Skin              |       |       |    10 ||    10
Dodge: Dodged            |    84 |   207 |   208 ||   499
